 Dungeon Crawl Stone Soup version 0.17.0-28-g6e173f8 (webtiles) character file.

88 dohliylev the Covert (level 4, 0/23 HPs)
             Began as a Spriggan Assassin on Nov 25, 2015.
             Slain by a polar bear (4 damage)
             ... created by the rage of Trog
             ... on level 3 of the Dungeon.
             The game lasted 00:14:25 (1763 turns).

dohliylev the Covert (Spriggan Assassin)            Turns: 1763, Time: 00:14:27

Health: 0/23       AC:  5    Str:  7    XL:     4   Next: 30%
Magic:  12/14      EV: 17    Int: 12    God:
Gold:   137        SH:  0    Dex: 18    Spells: 0 memorised, 3 levels left

rFire  . . .     SeeInvis +     a - +2 dagger
rCold  + . .     Clarity  .     r - +2 robe {MR+}
rNeg   . . .     SustAt   .     (shield restricted)
rPois  .         Gourm    .     (helmet restricted)
rElec  .         Spirit   .     s - +0 cloak
rCorr  .         Warding  .     (gloves unavailable)
rMut   .         Stasis   .     (boots unavailable)
MR     +....                    (no amulet)
Stlth  +++++.....               q - ring of magical power
                                c - ring of protection from cold

@: very quick, somewhat resistant to hostile enchantments, quite stealthy
A: unfitting armour, see invisible, herbivore 3, speed 3, slow metabolism 2
a: no special abilities


You were on level 3 of the Dungeon.
You were not hungry.

You visited 1 branch of the dungeon, and saw 3 of its levels.

You collected 137 gold pieces.

Inventory:

Hand Weapons
 a - a +2 dagger (weapon)
 b - a +0 blowgun
 x - a +1 hunting sling of freezing
Missiles
 e - 21 poisoned needles
 f - 6 curare-tipped needles
 n - 7 silver tomahawks (quivered)
 o - a throwing net
 y - 14 stones
Armour
 d - a +0 cloak
 r - a +2 robe of magic resistance (worn)
 s - a +0 cloak (worn)
Jewellery
 c - a ring of protection from cold (left hand)
 q - a ring of magical power (right hand)
Scrolls
 i - 2 scrolls of magic mapping {unknown}
 j - a scroll of enchant weapon {unknown}
 p - 2 scrolls of identify {unknown}
 t - a scroll of noise {unknown}
 u - a scroll of recharging {unknown}
 w - a scroll of enchant armour {unknown}
Potions
 h - 2 potions of degeneration {unknown}
 k - a potion of mutation {unknown}
 l - 2 potions of haste {unknown}
 v - a potion of curing {unknown}
Comestibles
 g - 2 bread rations
 m - a royal jelly


   Skills:
 + Level 1.8 Fighting
 + Level 2.3 Short Blades
 + Level 2.3 Throwing
 + Level 1.7 Dodging
 * Level 8.2 Stealth


You had 3 spell levels left.
You didn't know any spells.

Dungeon Overview and Level Annotations

Branches:
Dungeon (3/15)

Altars:
Gozag
Makhleb
Nemelex Xobeh
Okawaru
Trog
Zin


Innate Abilities, Weirdness & Mutations

You are tiny and cannot use many weapons and most armour.
You have supernaturally acute eyesight.
You are a herbivore.
You cover ground extremely quickly.
You need consume almost no food.


Message History

The plant is heavily damaged.
You hit the plant but do no damage.
The plant is heavily damaged.
You hit the plant.
The plant is heavily damaged.
You hit the plant but do no damage.
The plant is heavily damaged.
You hit the plant but do no damage.
The plant is heavily damaged.
Trog sends monsters to punish you. 2 polar bears and 3 black bears come into view.
You hit the plant but do no damage.
The plant is heavily damaged.
You hit the plant but do no damage.
The plant is heavily damaged.
The polar bear bites you!
Ouch! That really hurt!
* * * LOW HITPOINT WARNING * * *
The polar bear claws you.
You die...

#..# ...# #..#
####..## ##..#
#......# #..=#
#......# #...#
###......# #...#
#........#
#...######......>..
#..h..............#
#.
#P@.######....#####
. .....hhhh# #....#
.## ##########
#....# ..####
#....# ## #....#
###### #. #.##.# #.
####.##.#
##############.
#.......###
#..............
#[##..#...#
#.############.


You could see 2 polar bears and 3 black bears.

Vanquished Creatures
  2 black bears (D:2)
  4 adders (D:2)
  A gnoll (D:1)
  A giant gecko (D:1)
  3 bats (D:2)
  7 hobgoblins
  A ball python (D:3)
  A giant newt (D:1)
  8 goblins
  8 kobolds
  6 rats
42 creatures vanquished.

Notes
Turn   | Place    | Note
--------------------------------------------------------------
     0 | D:1      | dohliylev the Spriggan Assassin began the quest for the Orb.
     0 | D:1      | Reached XP level 1. HP: 10/10 MP: 2/2
    15 | D:1      | Reached skill level 6 in Stealth
   137 | D:1      | Reached XP level 2. HP: 9/15 MP: 3/3
   574 | D:1      | Reached skill level 7 in Stealth
   733 | D:2      | Reached XP level 3. HP: 18/18 MP: 4/4
   744 | D:2      | Found a faded altar to an unknown god.
   806 | D:2      | Became a worshipper of Trog the Wrathful
   806 | D:2      | Reached * piety under Trog
   806 | D:2      | Fell from the grace of Trog
   907 | D:2      | Reached skill level 8 in Stealth
   925 | D:2      | Reached XP level 4. HP: 23/23 MP: 5/5
   981 | D:2      | Noticed a polar bear
   981 | D:2      | Noticed a black bear
   981 | D:2      | Noticed a black bear
   981 | D:2      | Noticed a polar bear
   981 | D:2      | Noticed a black bear
   993 | D:2      | Found an iron altar of Okawaru.
  1016 | D:2      | Found a glowing silver altar of Zin.
  1018 | D:2      | Found an opulent altar of Gozag.
  1023 | D:2      | Found a burning altar of Makhleb.
  1023 | D:2      | Noticed a blizzard demon
  1043 | D:2      | Found a sparkling altar of Nemelex Xobeh.
  1044 | D:2      | Killed a black bear
  1131 | D:2      | Noticed a black bear
  1131 | D:2      | Noticed a black bear
  1131 | D:2      | Noticed a polar bear
  1131 | D:2      | Noticed a black bear
  1131 | D:2      | Noticed a polar bear
  1221 | D:2      | Killed a black bear
  1762 | D:3      | Noticed a polar bear
  1762 | D:3      | Noticed a black bear
  1762 | D:3      | Noticed a black bear
  1762 | D:3      | Noticed a polar bear
  1762 | D:3      | Noticed a black bear
  1763 | D:3      | Slain by a polar bear

Action                   |  1- 3 |  4- 6 || total
-------------------------+-------+-------++-------
Melee: Dagger            |    32 |    75 ||   107
 Fire: Blowgun           |     9 |    23 ||    32
Invok: Renounce Religion |     1 |       ||     1
 Stab: Sleeping          |    18 |     7 ||    25
